 Dungeon Sprint DCSS version 0.29.1-1-gd02db6906a (webtiles) character file.

Game seed: 10558853448996605758

632 Arandomuser85 the Unseen (level 7, -1/75 HPs)
             Began as an Octopode Brigand on Oct 20, 2022.
             Was the Champion of Zin.
             Slain by a centaur warrior (3 damage)
             ... in the Dungeon (Sprint I: "Red Sonja").
             The game lasted 00:01:11 (287 turns).

Arandomuser85 the Unseen (Octopode Brigand)          Turns: 287, Time: 00:01:11

Health: -1/75      AC:  1    Str: 10    XL:     7   Next: 49%
Magic:  7/7        EV: 15    Int:  9    God:    Zin [******]
Gold:   65         SH:  0    Dex: 15    Spells: 6/6 levels left

rFire   . . .      SeeInvis .   l - +3 short sword of the Hidden Vale {elec, rN++ Int-5}
rCold   . . .      Faith    .   (no shield)
rNeg    + + .      Spirit   .   (helmet restricted)
rPois   .          Reflect  .   (no amulet)
rElec   .          Harm     .   (no ring)
rCorr   .          Rampage  .   (no ring)
Will    .....      NoTele   +   (no ring)
Stlth   ..........              (no ring)
HPRegen 0.22/turn               (no ring)
MPRegen 0.10/turn               (no ring)
                                (no ring)
                                (no ring)

@: berserking, very quick
A: almost no armour, amphibious, 8 rings, camouflage 1, gelatinous body 1,
nimble swimmer 1, tentacles
a: Renounce Religion, Recite, Vitalisation, Imprison, Sanctuary, Donate Gold


You were in the Dungeon.
You worshipped Zin.
Zin was exalted by your worship.
You visited 1 branch You collected 310 gold pieces.
You spent 216 gold pieces at shops.
You donated 29 gold pieces to Zin.

Inventory:

Hand Weapons
 a - a +2 dagger
 l - the +3 short sword of the Hidden Vale (weapon) {elec, rN++ Int-5}
   (You bought it in a shop in the Dungeon)

   It occasionally discharges a powerful burst of electricity upon striking a
   foe.
   Int:       It affects your intelligence (-5).
   rN:        It greatly protects you from negative energy.
Missiles
 b - 9 poisoned darts (quivered)
 c - 3 curare-tipped darts
Wands
 j - a wand of flame (15)
Scrolls
 i - a scroll of blinking
Potions
 d - a potion of curing
 e - a potion of heal wounds
 f - a potion of haste
 g - 2 potions of magic
 k - 2 potions of attraction {unknown}


   Skills:
 * Level 5.4 Fighting
 * Level 5.5 Short Blades
 - Level 2.0 Throwing
 * Level 5.4 Dodging
 * Level 18.3 Stealth


You had 6 spell levels left.
You didn't know any spells.
Your spell library was empty.

Dungeon Overview and Level Annotations

Branches:
Dungeon (1/1)

Altars:
Cheibriados
Dithmenos
Elyvilon
Fedhas
Gozag
Hepliaklqana
Kikubaaqudgha
Makhleb
Nemelex Xobeh
Okawaru
Qazlal
Ru
Sif Muna
Trog
Uskayaw
Vehumet
Wu Jian
Xom
Yredelemnul
Zin
The Shining One
Jiyva
Lugonu

Shops:
D (


Innate Abilities, Weirdness & Mutations

You cannot wear most types of armour.
You are amphibious.
You can wear up to eight rings at the same time.
Your skin changes colour to match your surroundings (Stealth+).
Your rubbery body absorbs attacks. (AC +1, EV +1)
You are camouflaged when in or above water. (Stealth+)
You have tentacles for arms and can constrict up to eight enemies at once.


Message History

Found 13 gold pieces.
There is an open door here.
You now have 65 gold pieces (gained 13).
There is an open door here.
There is a shimmering blue altar of Sif Muna here.
You close the door.
You open the door.
A centaur warrior comes into view.
The centaur warrior moves out of view.
A centaur warrior comes into view.
The centaur warrior moves out of view.
Found 8 stones.
There is an open door here.
Found 4 gold pieces.
The centaur warrior shouts! x2
The centaur warrior wields a +0 longbow.
The centaur warrior shoots an arrow.
The arrow misses you. The centaur warrior hits you!
The centaur warrior kicks you.
You hit the centaur warrior.
Your squeeze misses the centaur warrior.
The centaur warrior is lightly wounded.
The centaur warrior unwields a +0 longbow.
The centaur warrior hits you. The centaur warrior kicks you.
The centaur warrior hits you. The centaur warrior kicks you.
You closely miss the centaur warrior.
The centaur warrior is lightly wounded.
The centaur warrior misses you. The centaur warrior kicks you.
The centaur warrior hits you!
* * * LOW HITPOINT WARNING * * *
The centaur warrior kicks you.
* * * LOW HITPOINT WARNING * * *
A red film seems to cover your vision as you go berserk!
You feel yourself moving faster!
You feel mighty! The centaur warrior hits you!
* * * LOW HITPOINT WARNING * * *
The centaur warrior closely misses you.
The centaur warrior hits you but does no damage.
The centaur warrior kicks you.
* * * LOW HITPOINT WARNING * * *
The centaur warrior hits you.
You die...

#################
.#.)+..#..+..#__#
.+..#.)+).#..+..+
.#####+#####+#__####
.####..#...#[####§§#
.#__####..##)#§§§§§#
.#_____##+#_.'§§@c§+
⌠#_.∩...+..._#§§§c§#
##_..__##_.#+##+####
#_____###+#.#
####### ###


You could see 2 centaur warriors.

Vanquished Creatures
  A slime creature (D)
  Sigmund (D)
  A yak (D)
  An ogre (D)
  A jelly (D)
  Ijyb (D)
6 creatures vanquished.

Notes
Turn   | Place    | Note
-------+----------+-------------------------------------------
     0 | D        | Arandomuser85 the Octopode Brigand began the quest for the
                  | Orb.
     0 | D        | Reached XP level 1. HP: 14/14 MP: 1/1
     2 | D        | Noticed Ijyb
     5 | D        | Killed Ijyb
     6 | D        | Reached skill level 8 in Stealth
     6 | D        | Reached XP level 2. HP: 20/20 MP: 2/2
     6 | D        | Reached XP level 3. HP: 25/25 MP: 3/3
    16 | D        | Noticed an ogre
    19 | D        | Killed an ogre
    20 | D        | Reached skill level 11 in Stealth
    20 | D        | Reached XP level 4. HP: 31/31 MP: 4/4
    37 | D        | Noticed Sigmund
    48 | D        | Killed Sigmund
    49 | D        | Reached skill level 15 in Stealth
    49 | D        | Reached XP level 5. HP: 38/38 MP: 5/5
    49 | D        | Reached XP level 6. HP: 44/44 MP: 6/6
    68 | D        | Found a burning altar of Makhleb.
    68 | D        | Found a viscous altar of Jiyva.
    68 | D        | Found a shimmering altar of Xom.
    68 | D        | Found a corrupted altar of Lugonu.
    68 | D        | Noticed a slime creature
    76 | D        | Killed a slime creature
    77 | D        | Reached skill level 5 in Fighting
    77 | D        | Reached skill level 5 in Short Blades
    77 | D        | Reached skill level 5 in Dodging
    77 | D        | Reached skill level 17 in Stealth
    77 | D        | Reached XP level 7. HP: 29/50 MP: 7/7
   219 | D        | Found an ornate altar of the Wu Jian Council.
   219 | D        | Found a shimmering blue altar of Sif Muna.
   221 | D        | Found a radiant altar of Vehumet.
   248 | D        | Found Ruose's Antique Weapon Emporium.
   248 | D        | Found an ancient bone altar of Kikubaaqudgha.
   248 | D        | Found a hazy altar of Hepliaklqana.
   248 | D        | Found a stormy altar of Qazlal.
   248 | D        | Found a hide-covered altar of Uskayaw.
   248 | D        | Found a blossoming altar of Fedhas.
   248 | D        | Found a bloodstained altar of Trog.
   248 | D        | Found an iron altar of Okawaru.
   248 | D        | Found a basalt altar of Yredelemnul.
   248 | D        | Found a glowing golden altar of the Shining One.
   248 | D        | Found a snail-covered altar of Cheibriados.
   248 | D        | Found a sacrificial altar of Ru.
   248 | D        | Found a glowing silver altar of Zin.
   248 | D        | Found a shadowy altar of Dithmenos.
   248 | D        | Found a white marble altar of Elyvilon.
   248 | D        | Noticed a yak
   249 | D        | Found an opulent altar of Gozag.
   250 | D        | Killed a yak
   251 | D        | Reached skill level 18 in Stealth
   251 | D        | Found a sparkling altar of Nemelex Xobeh.
   260 | D        | Became a worshipper of Zin the Law-Giver
   260 | D        | Reached * piety under Zin
   260 | D        | Reached ** piety under Zin
   260 | D        | Reached *** piety under Zin
   260 | D        | Reached **** piety under Zin
   260 | D        | Reached ***** piety under Zin
   260 | D        | Reached ****** piety under Zin
   263 | D        | Bought an ichor-stained short sword for 216 gold pieces
   263 | D        | Identified the +3 short sword of the Hidden Vale {elec,
                  | rN++ Int-5} (You bought it in a shop in the Dungeon)
   280 | D        | Noticed a centaur warrior
   281 | D        | Noticed a centaur warrior
   287 | D        | HP: 3/75 [centaur warrior (15)]
   287 | D        | Slain by a centaur warrior

Illustrated notes

Levels and vault maps discovered:
D:        dungeon_sprint_1 [red_sonja_temple_1, red_sonja_temple_small_1]

Skill      XL: |  1  2  3  4  5  6  7 |
---------------+----------------------+-----
Dodging        | 2 3 4 5 |  5.4
Stealth        | 8 11 15 17 18 | 18.3
Fighting       | 3 4 5 |  5.4
Short Blades   | 3 4 5 |  5.5
Throwing       | |  2.0

Action                   |  1- 3 |  4- 6 |  7- 9 || total
-------------------------+-------+-------+-------++-------
Melee: Dagger            |     2 |    17 |     2 ||    21
       Tentacles         |       |     8 |       ||     8
       Constrict         |       |     1 |       ||     1
       Short sword       |       |       |     2 ||     2
  Use: Potion            |       |       |     1 ||     1
 Stab: Sleeping          |     2 |       |     2 ||     4
Armor: Skin              |       |       |     1 ||     1
Dodge: Dodged            |       |     8 |     3 ||    11
